[Event "Reykjavik Open 2022"]
[Site "Reykjavik"]
[Date "2022.04.09"]
[Round "5.15"]
[White "Berdnyk, Mariia"]
[Black "Yoo, Christopher Woojin"]
[Result "0-1"]
[ECO "D20"]
[WhiteElo "2287"]
[BlackElo "2514"]
[Annotator "TA"]
[PlyCount "102"]
[EventDate "2022.04.06"]
[EventCountry "ISL"]
[SourceTitle "playchess.com"]
[Source "ChessBase"]
[SourceQuality "1"]
[TimeControl "40/5400+30:1800+30"]

1. d4 d5 2. c4 dxc4 3. e3 e5 4. Bxc4 Nc6 5. d5 Na5 $1 ({Don't take} 5... Bb4+ 6. Nc3 Bxc3+ 7. bxc3 $16) 6. Qa4+ {[%emt 0:02:15] D20: Queen's Gambit Accepted: 3 e3 and 3 e4.} c6 7. dxc6 Nxc6 8. Nf3 {[%emt 0:04:37] The position is equal.} Bd6 9. e4 Nf6 {[%emt 0:11:16] [#]} 10. O-O $146 ({Predecessor:} 10. Bg5 h6 11. Bxf6 Qxf6 12. Nc3 O-O 13. O-O Bg4 14. Nd5 Qg6 15. Nh4 Qh5 16. g3 {0-1 (33) Slami,Z (1935)-Karpatchev,A (2478) Baghdad 2018}) 10... O-O 11. h3 (11. Be3 $11 {remains equal.}) 11... Nxe4 $17 12. Bxf7+ Rxf7 13. Qxe4 Bf5 14. Qc4 Be7 {[%emt 0:01:47] Inhibits Ng5.} 15. Qb3 Bd3 {[%emt 0:07:20] A strong pair of Bishops.} 16. Ng5 Bxg5 {[%emt 0:00:57] Active counter play!} 17. Bxg5 Qd7 (17... Qxg5 $15 18. Qxd3 Rd8) 18. Rd1 $11 e4 {[%emt 0:00:31] [#] ...Nd4 is the strong threat.} 19. Nc3 {[%emt 0:01:00][%cal Oc3e4] Threatens to win with Nxe4!} Nd4 20. Qd5 Ne2+ 21. Kh1 (21. Kh2 $11 Qc7+ 22. Kh1) 21... Qxd5 $15 22. Nxd5 Rxf2 23. Nb4 Bc4 24. b3 Be6 25. Rd6 Re8 26. Be3 (26. Re1 $15) 26... Ng3+ $17 27. Kh2 {[%emt 0:01:47] And now Rxe6 would win.} Re2 $36 {[%emt 0:01:19][%mdl 2048] Keeping White busy.} 28. Kxg3 Rxe3+ 29. Kf2 Rc3 30. Re1 e3+ 31. Rxe3 {[%emt 0:00:42] This costs White the game.} (31. Kg3 $17 {was necessary.}) 31... Rxe3 $19 32. Kxe3 $17 {[%emt 0:00:00][%mdl 4096] Endgame KRB-KRN} a5 33. Nd3 Bxb3+ $1 34. Kd4 Bxa2 35. Kc5 Bb1 36. Kb5 Re2 37. g4 Bxd3+ 38. Rxd3 $19 {[%emt 0:00:06] KR-KR} Ra2 39. Kb6 (39. Rf3 {might work better.}) 39... a4 {[%emt 0:00:11][%cal Ba5a4,Ba4a3,Ba3a2][%mdl 32] aiming for ...Rb2+.} 40. Kxb7 $2 (40. Kb5 {was called for.}) 40... a3 41. Kc6 {[%emt 0:00:56] [#]} (41. Kb6 $142 Ra1 42. Ka5) 41... Ra1 $1 ({Not} 41... Rc2+ 42. Kd5 $17) 42. Kd7 a2 43. Rd2 Kf7 44. h4 Kf6 {[%emt 0:02:34] ( -> ...Ke5)} 45. Kd8 Ke5 {[%emt 0:03:01] Black mates.} 46. Ke7 Kf4 47. Kf7 Ke3 48. Rxa2 Rxa2 49. Kxg7 Ra7+ 50. Kh6 Kf4 51. g5 Kf5 {[%emt 0:00:09] Weighted Error Value: White=0.46/Black=0.07 (flawless)} 0-1

[Event "Reykjavik Open 2022"]
[Site "Reykjavik"]
[Date "2022.04.09"]
[Round "5.16"]
[White "Maze, Sebastien"]
[Black "Doluhanova, Evgeniya"]
[Result "1-0"]
[ECO "E12"]
[WhiteElo "2527"]
[BlackElo "2255"]
[Annotator "TA"]
[PlyCount "107"]
[EventDate "2022.04.06"]
[EventCountry "ISL"]
[SourceTitle "playchess.com"]
[Source "ChessBase"]
[SourceQuality "1"]
[TimeControl "40/5400+30:1800+30"]

1. d4 Nf6 2. c4 e6 3. Nf3 b6 4. a3 Bb7 5. Nc3 d5 6. Bg5 Be7 7. Qa4+ c6 {[%emt 0:01:39] [#]} 8. Qc2 $146 {[%emt 0:06:52] E12: Queen's Indian: Unusual White 4th moves, 4 a3, 4 Nc3 Bb7 5 a3 and 4 Nc3 Bb7 .} (8. cxd5 $11 Nxd5 9. Nxd5 Bxg5 10. Nc3) ({Predecessor:} 8. cxd5 Nxd5 9. Bxe7 Qxe7 10. Nxd5 exd5 11. e3 O-O 12. Rc1 c5 13. Be2 Nd7 14. O-O Rfd8 15. Rfd1 a5 {1-0 (34) Mamedyarov,S (2817)-Korobov,A (2698) St Petersburg 2018}) 8... Nbd7 (8... dxc4 $15 9. e4 b5) 9. cxd5 $11 Nxd5 10. Bxe7 {[%emt 0:00:06] The position is equal.} Qxe7 11. Nxd5 cxd5 12. e3 {[%emt 0:00:49] And now Qc7 would win.} O-O (12... Rc8 $11 13. Qa4 a6) 13. Qc7 $1 $16 Bc8 14. Rc1 Qd8 15. Qxd8 Rxd8 16. Rc7 Nb8 17. Ne5 Bd7 18. Kd2 Be8 19. Be2 $1 f6 20. Nd3 {[%emt 0:00:09] &Bianco is much more active.} Na6 21. Rc3 Rdc8 22. Rhc1 Rxc3 23. Rxc3 ({But not} 23. bxc3 Rc8 $11) 23... Bb5 24. Bg4 Re8 25. Nf4 $1 f5 (25... Kf7 $16) 26. Bh5 g6 27. a4 Bc4 28. Bd1 ({White should play} 28. Bf3 $18) 28... g5 (28... e5 $1 $14) 29. Nh5 $1 Rf8 {[%emt 0:01:04] Against Nf6+} (29... Re7 $16) 30. f4 (30. b3 $1 $18 {[%cal Rb3c4] is more deadly.} Bf1 31. Rc1) 30... h6 (30... g4 $16) 31. Ng3 $2 (31. b3 $18 Bf1 32. Rc6) 31... Nb4 $11 32. Be2 gxf4 33. exf4 Rc8 34. b3 $36 {[%emt 0:02:03][%mdl 2048] White is more active.} Ba6 35. Rxc8+ Bxc8 {[%emt 0:00:06][%mdl 4096] Endgame KBN-KBN} 36. Nf1 a5 37. Ne3 Kf7 38. h3 Kf6 39. Bb5 h5 {[%emt 0:00:32] [#]} (39... Ba6 $11) 40. h4 ({White should try} 40. Be8 $1 $16) 40... Ba6 41. Nf1 Kg6 (41... Bxb5 $11 42. axb5 Kf7) 42. Ng3 (42. Be8+ $1 $14 Kg7 43. Ng3) 42... Kh6 $2 (42... Bxb5 $11 {and Black stays safe.} 43. axb5 Na2) 43. Nf1 $2 (43. Bd7 $18) 43... Bb7 (43... Kg6 $11 {keeps the balance.}) 44. Nh2 Nc6 ({Better is} 44... Na6) 45. Nf3 $16 Kg7 46. Kc3 Kf6 {[%emt 0:00:30] [#]} (46... Na7 {was necessary.}) 47. Ne5 $1 $18 Nxe5 (47... Nb4 48. Be8 Ke7) 48. fxe5+ {[%emt 0:00:02] KB-KB. White is clearly winning.} Kg7 49. Kd2 Bc8 50. Ke3 Kg6 51. Kf4 {[%emt 0:00:04] Threatens to win with Be8+.} Kh6 52. Be8 Kg7 53. Kg5 Ba6 54. Bb5 {[%emt 0:00:03] Weighted Error Value: White=0.31/Black=0.43} 1-0

[Event "Reykjavik Open 2022"]
[Site "Reykjavik"]
[Date "2022.04.09"]
[Round "5.17"]
[White "Laurent-Paoli, Pierre"]
[Black "Roe, Simon J"]
[Result "1-0"]
[ECO "C41"]
[WhiteElo "2483"]
[BlackElo "2211"]
[Annotator "RC"]
[PlyCount "81"]
[EventDate "2022.04.06"]
[EventCountry "ISL"]
[SourceTitle "playchess.com"]
[Source "ChessBase"]
[SourceQuality "1"]
[TimeControl "40/5400+30:1800+30"]

1. e4 e5 2. Nf3 d6 3. d4 exd4 4. Nxd4 Nf6 5. Nc3 Be7 6. g3 O-O 7. Bg2 Bd7 8. O-O Re8 9. h3 h6 10. g4 c6 11. f4 d5 12. e5 Nh7 13. Nce2 Bc5 14. Kh1 Na6 15. Ng3 Qb6 16. c3 Nc7 17. b4 Bxd4 18. cxd4 Qxb4 19. Be3 Qa3 20. Rf3 Nb5 21. Bg1 Qa5 22. a4 Nc7 23. Nf5 Bxf5 24. gxf5 Kh8 25. Rg3 Rg8 26. Qh5 g6 27. fxg6 Rxg6 28. Rxg6 fxg6 29. Qxg6 Rg8 30. Qd3 Ne6 31. Rf1 Qxa4 32. f5 Neg5 33. Be3 Ne4 34. Bxe4 dxe4 35. Qxe4 Qb3 36. Qf3 Ng5 37. Bxg5 Qxf3+ 38. Rxf3 Rxg5 39. f6 Kg8 40. f7+ Kf8 41. e6 1-0

[Event "Reykjavik Open 2022"]
[Site "Reykjavik"]
[Date "2022.04.09"]
[Round "5.18"]
[White "Larkin, Vladyslav"]
[Black "Sowray, Peter J"]
[Result "1-0"]
[ECO "D05"]
[WhiteElo "2399"]
[BlackElo "2226"]
[Annotator "TA"]
[PlyCount "69"]
[EventDate "2022.04.06"]
[EventCountry "ISL"]
[SourceTitle "playchess.com"]
[Source "ChessBase"]
[SourceQuality "1"]
[TimeControl "40/5400+30:1800+30"]

1. d4 d5 2. Nf3 Nf6 3. e3 e6 4. Bd3 c5 5. c3 Nc6 6. Nbd2 Bd6 7. dxc5 Bxc5 8. O-O O-O 9. e4 dxe4 10. Nxe4 Nxe4 11. Bxe4 Qxd1 12. Rxd1 f6 13. b4 {[%emt 0:02:13] D05: Colle System with ...e6.} Bb6 14. a4 Bc7 {[%emt 0:09:59] [#]} (14... Rd8 $1 $14 {should be considered.} 15. Rxd8+ Nxd8) 15. a5 $146 {[%emt 0:20:27] White is better.} ({Predecessor:} 15. Be3 Re8 16. Nd4 Nxd4 17. Bxd4 f5 18. Bf3 Kf7 19. a5 a6 20. Bc5 Kf6 21. Bd6 {½-½ (53) De Jager,L (1788)-Van Randen,F (1863) Leiden 2018}) 15... a6 16. Be3 e5 17. Bb6 Bxb6 18. axb6 {[%emt 0:00:04][%cal Ob4b5] aiming for b5!} Rb8 19. Ne1 (19. Bd5+ $16 Kh8 20. Nd2 (20. Bxc6 bxc6 21. Rd6 Rxb6 $14)) 19... Ne7 $1 $14 20. Bc2 Bg4 ({Better is} 20... Bf5 $14) 21. f3 Bh5 22. Nd3 {[%emt 0:00:26] Black must now prevent Nc5.} Nc8 {[%emt 0:01:05] [#]} 23. Nc5 $1 Nxb6 24. Rd6 Nc8 25. Rd7 {[%emt 0:00:05] 0x0.0021271f002edp-1022s more active pieces. The black rooks are badly placed.} Nb6 26. Bb3+ Bf7 27. Rxf7 (27. Rd6 $16 Bxb3 28. Rxb6) 27... Rxf7 28. Rd1 $1 {[%emt 0:00:06] Rd6 is the strong threat.} Kf8 $1 29. Rd6 Na8 {[%emt 0:00:37] Threatens to win with ...Rc7.} 30. Bxf7 Kxf7 31. Rd7+ Kg6 32. Ne6 Nb6 33. Rxg7+ Kh6 $1 34. Rg4 {[%emt 0:01:41] Threatening mate with Ng7.} Rc8 $2 {[%emt 0:02:57][%mdl 8192] [#]} (34... Nd5 $11) 35. Ng7 $1 {[%emt 0:00:34] Weighted Error Value: White=0.11 (very precise) /Black=0.13 (very precise)} 1-0

[Event "Reykjavik Open 2022"]
[Site "Reykjavik"]
[Date "2022.04.09"]
[Round "5.19"]
[White "Thorfinnsson, Bragi"]
[Black "Lohia, Sohum"]
[Result "1/2-1/2"]
[ECO "B14"]
[WhiteElo "2419"]
[BlackElo "2251"]
[Annotator "NA RC"]
[PlyCount "37"]
[EventDate "2022.04.06"]
[EventCountry "ISL"]
[SourceTitle "playchess.com"]
[Source "ChessBase"]
[SourceQuality "1"]
[TimeControl "40/5400+30:1800+30"]

1. d4 Nf6 2. c4 e6 3. Nc3 Bb4 4. Nf3 O-O 5. e3 d5 6. Bd2 c5 7. a3 Bxc3 8. Bxc3 Ne4 9. Rc1 Nxc3 10. Rxc3 cxd4 11. exd4 Nd7 12. Bd3 dxc4 13. Rxc4 b6 14. O-O Bb7 15. Qe2 Nf6 16. Rfc1 Qd6 17. h3 Rac8 18. Rxc8 Rxc8 19. Rxc8+ 1/2-1/2

[Event "Reykjavik Open 2022"]
[Site "Reykjavik"]
[Date "2022.04.09"]
[Round "5.20"]
[White "Large, Peter G"]
[Black "Romanishin, Oleg M"]
[Result "1/2-1/2"]
[ECO "C92"]
[WhiteElo "2335"]
[BlackElo "2415"]
[Annotator "RC"]
[PlyCount "43"]
[EventDate "2022.04.06"]
[EventCountry "ISL"]
[SourceTitle "playchess.com"]
[Source "ChessBase"]
[SourceQuality "1"]
[TimeControl "40/5400+30:1800+30"]

1. e4 e5 2. Nf3 Nc6 3. Bb5 a6 4. Ba4 Nf6 5. O-O Be7 6. Re1 b5 7. Bb3 d6 8. c3 O-O 9. h3 a5 10. d3 a4 11. Bc2 Bd7 12. Nbd2 Re8 13. Nf1 h6 14. Ne3 Bf8 15. Nh2 Ne7 16. Nhg4 Ng6 17. g3 Nh7 18. h4 Nf6 19. h5 Nxg4 20. hxg6 h5 21. gxf7+ Kxf7 22. d4 1/2-1/2

[Event "Reykjavik Open 2022"]
[Site "Reykjavik"]
[Date "2022.04.09"]
[Round "5.21"]
[White "Willow, Jonah B"]
[Black "Popvasilev, Kaloyan"]
[Result "1/2-1/2"]
[ECO "B67"]
[WhiteElo "2365"]
[BlackElo "2191"]
[Annotator "TA"]
[PlyCount "255"]
[EventDate "2022.04.06"]
[EventCountry "ISL"]
[SourceTitle "playchess.com"]
[Source "ChessBase"]
[SourceQuality "1"]
[TimeControl "40/5400+30:1800+30"]

1. e4 c5 2. Nf3 d6 3. d4 Nf6 4. Nc3 cxd4 5. Nxd4 Nc6 6. Bg5 e6 7. Qd2 a6 8. O-O-O Bd7 9. f4 b5 10. Bxf6 gxf6 11. Kb1 Qb6 12. Nxc6 Bxc6 13. Qe1 O-O-O 14. Bd3 h5 15. f5 b4 16. Ne2 e5 17. Qh4 Be7 18. Bc4 Rdg8 19. Ng3 Rg4 20. Qh3 Qe3 21. Be2 (21. Bxf7 Kb8 $14) ({Better is} 21. Bxa6+ Kc7 22. Bd3) 21... Rxg3 (21... Rxe4 $142 22. Nxe4 (22. Bxa6+ Kc7 $16) 22... Qxh3 23. gxh3 (23. Bxa6+ Kc7 $16) 23... Bxe4) 22. Bxa6+ $16 Kc7 23. Qxg3 (23. hxg3 $18 Qxe4 24. Rhe1) 23... Qxg3 $16 24. hxg3 Bxe4 25. g4 Ra8 26. Bd3 Bxg2 27. Rxh5 d5 ({Black should try} 27... Bf3 28. Re1 (28. Rg1 Bd5 $16) 28... Rg8) 28. Rh7 (28. Rh2 $142 $1 Bf3 29. Be2 Bxe2 30. Rxe2) 28... Bf3 (28... Rf8 $16 29. Rh2 Bf3) 29. Rg1 (29. Rxf7 Bxd1 30. Rxe7+ Kd6 31. Re6+ Kc5 $17) (29. Re1 $18) 29... Rf8 $11 30. Re1 Bc5 31. Be2 e4 $1 32. Bxf3 exf3 33. Rf1 f2 34. Kc1 Kd6 35. Kd2 Ke5 36. Ke2 Kf4 37. Rd1 Kg3 38. Kf1 (38. Rxd5 Re8+) 38... Re8 39. a4 bxa3 (39... b3 $5 40. c3 (40. cxb3 $2 Re3 $19) (40. Rxf7 bxc2 41. Rd3+ Kf4 42. Kg2 f1=B+ 43. Kxf1 c1=Q+) 40... Kxg4 $14) 40. bxa3 Be3 41. Rxd5 (41. Rxf7 Bd2 $1 ) 41... Kxg4 (41... Bd4 $5 42. Rh3+ Kxh3 43. Rxd4 Kg3 44. Rd3+ Kxg4 $11) 42. Rh1 (42. Rxf7 Rh8 43. Ke2 f1=Q+ 44. Kxe3 (44. Kxf1 $2 Kf3) 44... Qf4+ 45. Ke2 Qf3+ 46. Kd2 Rh2+ 47. Kc1 Qxa3+ 48. Kb1 Rh1+) 42... Bb6 43. Kg2 Rg8 ({Don't play} 43... Re1 44. Rf1 $16) 44. Rdd1 Kf4+ 45. Kf1 Rg3 ({Don't take} 45... Rg1+ 46. Ke2 $14) 46. Ke2 Rxa3 47. Rd3 Ra7 48. Rb1 Re7+ 49. Kf1 Bc5 50. Rd5 Ba7 51. c4 Be3 52. c5 Kf3 {[%emt 0:01:02] [#]} (52... Re8 $11) 53. Rd3 $1 $16 Ke4 54. Rc3 Bd4 55. Rcc1 Kd5 56. c6 Rc7 57. Rb5+ Kd6 {[%emt 0:00:03] [#]} 58. Rc4 (58. Rb8 $1 $16 {[%cal Rb8d8] And now Rd8+ would win.} Bc5 59. Rb2) 58... Be3 $1 $11 59. Rb3 Bc5 $1 60. Rb7 Rxc6 61. Rxf7 Kd5 62. Rc1 Bd4 63. Rd7+ Rd6 64. Re7 Rd8 65. Rd1 Kc4 66. Rc7+ Kd5 67. Rh7 Ke5 68. Re7+ Kxf5 69. Re2 Bb6 70. Rxd8 Bxd8 71. Kxf2 Bc7 72. Kf3 Be5 73. Ra2 Bd6 74. Ra5+ Be5 75. Rb5 Ke6 76. Ke4 Kd6 77. Rb6+ Kc7 78. Ra6 Kb7 79. Re6 Ka8 80. Kd5 Kb7 81. Kc5 Ka8 82. Kb6 Bd4+ 83. Ka6 Ba7 84. Re8+ Bb8 85. Kb6 f5 86. Rf8 f4 87. Kc6 f3 88. Kb6 f2 89. Kc6 f1=Q 90. Rxf1 Ba7 91. Rf7 Bb8 92. Kb6 Bg3 93. Rf3 Bh2 94. Rf1 Bg3 95. Rf5 Bh2 96. Rh5 Bg1+ 97. Kc7 Bf2 98. Rh3 Bg1 99. Rh8+ Ka7 100. Rh1 Bb6+ 101. Kc6 Bf2 102. Rh2 Be3 103. Rh8 Bf2 104. Re8 Bg1 105. Rf8 Be3 106. Rf7+ Ka8 107. Kc7 Bg1 108. Rf1 Bh2+ 109. Kb6 Bg3 110. Rf3 Bh2 111. Rh3 Bg1+ 112. Kc7 Bf2 113. Kc6 Bg1 114. Rg3 Bf2 115. Rg2 Be3 116. Rg4 Bf2 117. Rg2 Be3 118. Re2 Bg1 119. Kc7 Bd4 120. Re8+ Ka7 121. Re4 Bb6+ 122. Kc6 Bg1 123. Rg4 Bf2 124. Rg7+ Ka8 125. Kc7 Be3 126. Rg4 Bf2 127. Ra4+ Ba7 128. Kc8 1/2-1/2

[Event "Reykjavik Open 2022"]
[Site "Reykjavik"]
[Date "2022.04.09"]
[Round "5.22"]
[White "Villiers, Thomas"]
[Black "Korley, Kassa"]
[Result "0-1"]
[ECO "C01"]
[WhiteElo "2202"]
[BlackElo "2399"]
[Annotator "TA"]
[PlyCount "116"]
[EventDate "2022.04.06"]
[EventCountry "ISL"]
[SourceTitle "playchess.com"]
[Source "ChessBase"]
[SourceQuality "1"]
[TimeControl "40/5400+30:1800+30"]

1. e4 e6 2. d4 d5 3. Nc3 Bb4 4. exd5 exd5 5. a3 Bxc3+ 6. bxc3 Nf6 {[%emt 0:00:14] C01: French: Exchange Variation.} 7. Bd3 O-O 8. Ne2 b6 {[%emt 0:19:18] The position is equal.} 9. O-O Ba6 {[%emt 0:05:58] [#]} 10. Bxa6 $146 (10. Ng3 {is interesting.} Re8 11. Qf3 Ne4 12. Nh5) ({Predecessor:} 10. Ng3 Bxd3 11. cxd3 Nbd7 12. Qf3 Re8 13. Nf5 Re6 14. Bg5 Qf8 15. Qg3 c6 16. Bh6 {1-0 (42) Mammadova,G (2360)-Shahaliyev,I (2421) Baku 2019}) 10... Nxa6 11. Qd3 Qc8 12. Ng3 Re8 13. Bf4 (13. f3 $5 ) 13... Qg4 14. Be5 {[%emt 0:00:52] [#]} Nc5 15. Qb5 {[%emt 0:04:01] [#] Black must now prevent Bxf6.} (15. Qf5 Ncd7) 15... Qd7 $1 16. Qxd7 Ncxd7 17. Bxf6 Nxf6 18. Rfe1 g6 19. f3 Kf8 20. Kf2 Rad8 21. Nf1 Rd6 22. Rxe8+ Kxe8 $11 {[%emt 0:00:20][%mdl 4096] Endgame KRN-KRN} 23. Ke2 h5 24. h4 Nd7 ({Better is} 24... b5 $15) 25. Nd2 Nf8 26. Nb3 Ne6 $1 27. Ke3 {[%emt 0:00:30] Inhibits Nf4.} Ng7 28. g4 {[%emt 0:01:52] Prevents Nf5+.} Re6+ 29. Kd2 Kd7 ({Black should try} 29... hxg4 $17 30. fxg4 f5) 30. Rg1 Rf6 31. Ke3 Re6+ 32. Kd2 $1 Re8 {[%emt 0:00:10] Black wants to play ...Rh8.} 33. Nc1 Rh8 34. Rh1 Ne8 {[%emt 0:04:15] And now ...hxg4 would win.} 35. Nd3 Nd6 36. Ne5+ Ke6 37. Kd3 b5 38. Re1 Kf6 39. g5+ (39. gxh5 $11 Rxh5 40. Ng4+ Kg7 41. Re7) 39... Kg7 40. Nc6 Nf5 {[%emt 0:00:00] Inhibits Re7.} 41. Rh1 {[%emt 0:11:59] [#]} Ra8 $1 42. Nb4 Ne7 {[%emt 0:01:33] Threatens to win with ...a5.} 43. Re1 Kf8 44. Na6 c6 45. Nc5 Nf5 46. Nd7+ Kg7 47. Rh1 Re8 {[%emt 0:04:26] aiming for ...Re3+.} 48. Ne5 c5 49. Rh3 (49. Nc6 $17) 49... Re6 $19 50. Rh1 {[%emt 0:03:08] [#]} cxd4 $1 51. cxd4 Ra6 52. Kc3 (52. Ra1 $142) 52... Ra4 (52... Rxa3+ $2 53. Kb4 Ra4+ 54. Kxb5 Rxd4 55. c3 Rxh4 56. Ra1 $19) 53. Rb1 a6 ({Inferior is} 53... Rxd4 54. Rxb5 Rf4 55. Rxd5 $17) ({But not} 53... Nxd4 $2 54. f4 $19) (53... Rxa3+ 54. Kb4 Ra4+ 55. Kxb5 Rxd4 56. Kc6 $17) ({And not} 53... Nxh4 54. Rxb5 a5 55. Kd3 $11) 54. Re1 Rxa3+ 55. Kb4 Nxd4 {[%emt 0:01:12] Black is clearly winning.} 56. Kc5 (56. Rc1 $142 Ra4+ 57. Kc5) 56... Nxf3 57. Nxf3 Rxf3 58. Kxd5 Rf4 {[%emt 0:00:29] Weighted Error Value: White=0.25 (precise) /Black=0.10 (very precise)} 0-1

[Event "Reykjavik Open 2022"]
[Site "Reykjavik"]
[Date "2022.04.09"]
[Round "5.23"]
[White "Louis, Thibault"]
[Black "Tania, Sachdev"]
[Result "0-1"]
[ECO "C78"]
[WhiteElo "2181"]
[BlackElo "2392"]
[Annotator "TA"]
[PlyCount "104"]
[EventDate "2022.04.06"]
[EventCountry "ISL"]
[SourceTitle "playchess.com"]
[Source "ChessBase"]
[SourceQuality "1"]
[TimeControl "40/5400+30:1800+30"]

1. e4 e5 2. Nf3 Nc6 3. Bb5 a6 4. Ba4 Nf6 5. O-O b5 6. Bb3 Bb7 7. d4 Nxd4 8. Nxd4 exd4 9. e5 Ne4 10. c3 d3 11. Qxd3 {[%emt 0:06:25] C78: Ruy Lopez: Archangelsk and Möller Defences.} Nc5 12. Qg3 Nxb3 13. axb3 {[%emt 0:00:36] The position is equal.} Qe7 {[%emt 0:02:02] [#]} 14. Nd2 $146 ({Predecessor:} 14. c4 Qe6 15. Na3 Qg6 16. Qxg6 hxg6 17. Be3 Bxa3 18. Rxa3 Ke7 19. Ra5 {½-½ (19) Jurcik,M (2319)-Chovan,M (2292) Slovakia 2018}) 14... Qe6 15. b4 O-O-O 16. Nf3 h6 17. Nd4 Qd5 18. f4 {[%emt 0:00:33] Prevents g5.} (18. Be3 $11) 18... d6 (18... Bxb4 $1 $17 19. Be3 Bc5) 19. Qf3 (19. Be3 $14) 19... dxe5 (19... Qxd4+ $5 20. cxd4 Bxf3 21. Rxf3 Kb7 $11) 20. Qxd5 {[%emt 0:01:39][%mdl 64] Remove Defender} Bxd5 21. fxe5 Kb7 22. Bf4 g6 23. Ra3 (23. e6 $11 {remains equal.}) 23... c5 (23... Bc4 {is interesting.} 24. Rfa1 Bxb4 25. Rxa6 Bc5) 24. bxc5 Bxc5 25. b4 Bb6 26. Rfa1 Ra8 27. Kf1 Bc4+ 28. Ke1 Rhe8 29. Kd2 Bc7 ({Black should play} 29... g5 30. Bg3 Red8) 30. Bxh6 (30. Re1 $17) 30... Bxe5 $19 31. Nf3 Bc7 {[%emt 0:06:59] Hoping for ...Re2+. A strong pair of Bishops.} 32. Be3 Bd5 (32... a5 $19 33. bxa5 Rad8+ 34. Nd4 Bxh2) 33. Rf1 (33. Bg5 $17 {was called for.}) 33... Rad8 $1 34. Bd4 Bf4+ 35. Kd1 Rd7 36. g3 Bc7 {[%emt 0:00:28] &Nero is more active.} ({Inferior is} 36... Bc4 37. Re1 Rxe1+ 38. Nxe1 $17) ({Black should try} 36... Bh6 {Strongly threatening ...Rde7.} 37. g4 Re4) 37. Kd2 {[%emt 0:00:51] [#]} (37. Nd2 $17 {was worth a try.}) 37... Rde7 $1 38. Ng1 f5 (38... Bc4 $19 {is more deadly.} 39. Rf6 Re6 40. Rxe6 fxe6) 39. Raa1 $17 Bc4 40. Rfe1 (40. Rf2 $15) 40... f4 $36 {[%emt 0:00:00][%mdl 2048] Black has strong initiative.} 41. g4 {[%emt 0:14:09] [#]} (41. Rxe7 {keeps fighting.} Rxe7 42. Re1) 41... f3 $1 {[%emt 0:05:40] The board is on fire.} 42. Rxe7 Rxe7 43. Nxf3 (43. Be3) 43... Bf4+ 44. Kc2 Re2+ 45. Kd1 Rg2 46. Ke1 Bd5 47. Ng1 (47. Nh4 $142 Rxg4 48. Bf2) 47... Bd2+ 48. Kf1 Rxh2 49. Bf2 Bc4+ 50. Ne2 {[%emt 0:00:07] [#]} Be3 $1 51. Bxe3 Rxe2 52. Re1 Rxe3+ $1 {[%emt 0:00:03] Weighted Error Value: White=0.59/Black=0.14 (very precise)} 0-1

[Event "Reykjavik Open 2022"]
[Site "Reykjavik"]
[Date "2022.04.09"]
[Round "5.24"]
[White "Grieve, Harry"]
[Black "Ingvason, Johann"]
[Result "1-0"]
[ECO "C10"]
[WhiteElo "2384"]
[BlackElo "2183"]
[Annotator "NA RC"]
[PlyCount "69"]
[EventDate "2022.04.06"]
[EventCountry "ISL"]
[SourceTitle "playchess.com"]
[Source "ChessBase"]
[SourceQuality "1"]
[TimeControl "40/5400+30:1800+30"]

1. e4 e6 2. d4 d5 3. Nd2 dxe4 4. Nxe4 Be7 5. Nf3 Nd7 6. Bf4 Ngf6 7. Nxf6+ Nxf6 8. g3 b6 9. Bb5+ Bd7 10. a4 O-O 11. O-O c5 12. Ne5 Bxb5 13. axb5 Nd5 14. Nc6 Qe8 15. dxc5 Bxc5 16. Be5 a5 17. Qg4 f6 18. Bd4 h5 19. Qe4 f5 20. Qe5 Bxd4 21. Qxd4 f4 22. Rfe1 fxg3 23. hxg3 Qf7 24. c4 Nf6 25. Qxb6 h4 26. Ne5 Qh5 27. Qxe6+ Kh7 28. Qh3 hxg3 29. Qxh5+ Nxh5 30. fxg3 Nxg3 31. Ra3 Nh5 32. b6 Rf5 33. Rf3 Rg5+ 34. Kf2 Re8 35. Nf7 1-0

[Event "Reykjavik Open 2022"]
[Site "Reykjavik"]
[Date "2022.04.09"]
[Round "5.25"]
[White "Domalchuk-Jonasson, Aleksandr"]
[Black "Song, Julien"]
[Result "0-1"]
[ECO "E51"]
[WhiteElo "2162"]
[BlackElo "2352"]
[Annotator "TA"]
[PlyCount "98"]
[EventDate "2022.04.06"]
[EventCountry "ISL"]
[SourceTitle "playchess.com"]
[Source "ChessBase"]
[SourceQuality "1"]
[TimeControl "40/5400+30:1800+30"]

1. d4 Nf6 2. c4 e6 3. Nc3 Bb4 4. e3 O-O 5. Bd2 d5 6. Nf3 b6 7. cxd5 exd5 8. Rc1 {[%emt 0:01:30] E51: Nimzo-Indian: Rubinstein: 4...0-0 5 Nf3 d5.} c5 9. Bd3 {[%emt 0:10:55] [#]} c4 $146 ({Predecessor:} 9... Bg4 10. O-O Nc6 11. Qa4 Bxf3 12. Qxc6 Bg4 13. a3 Bxc3 14. Bxc3 c4 15. Bb1 Bd7 {0-1 (25) Strati,B (1734)-Apostolakaki,E (1617) Trikala 2020}) 10. Bb1 {[%emt 0:06:18] The position is equal.} Bg4 11. h3 Bh5 12. g4 Bg6 13. Bxg6 fxg6 14. O-O Bxc3 15. Bxc3 Ne4 16. Bb4 Rf6 17. Ne5 Nc6 18. Nxc6 Rxc6 19. f3 Nf6 20. e4 a5 21. Ba3 b5 {[%emt 0:03:22] White must now prevent ...b4.} ({Reject} 21... dxe4 22. fxe4 b5 23. e5 $11) 22. Bc5 dxe4 23. fxe4 Nd7 ({Don't take} 23... Nxe4 24. Rf8+ Qxf8 25. Bxf8 Rxf8 26. Qe2 $14) 24. Qf3 {[%emt 0:05:03] Black converts the advantage convincingly.} Nxc5 25. dxc5 {[%emt 0:00:17] [#]} ({Better is} 25. Qf7+ Kh8 26. dxc5) 25... Qd4+ $1 $17 26. Qf2 Qxc5 27. Qxc5 Rxc5 $19 {[%emt 0:00:02][%mdl 4096] Endgame KRR-KRR} 28. Rcd1 {[%emt 0:01:10] [#]} Rf8 $1 29. Rxf8+ Kxf8 {[%emt 0:00:01] KR-KR} 30. Rd7 $2 (30. Kf2 {keeps fighting.}) 30... b4 31. Kf2 c3 32. bxc3 Rxc3 ({Not} 32... bxc3 $2 33. Rd1 $19) 33. Ke2 $2 (33. h4) 33... Rxh3 34. e5 h5 35. g5 Rg3 36. Ra7 Ra3 37. e6 h4 {[%emt 0:00:54] Strongly threatening ...h3.} 38. Rf7+ Ke8 39. Rxg7 h3 {[%emt 0:01:00] Black mates.} 40. Rxg6 h2 41. Rh6 b3 42. g6 bxa2 43. g7 Rg3 44. Rxh2 a1=Q 45. Rh8+ Ke7 46. g8=Q Rxg8 47. Rxg8 Kxe6 48. Rg3 Qb2+ 49. Kd1 a4 {[%emt 0:01:09] Weighted Error Value: White=0.72/Black=0.06 (flawless)} 0-1